 Dungeon Crawl Stone Soup version 0.24.0-35-gdb84b6a5db (webtiles) character file.

Game seed: 14823900965219390195, levelgen mode: deterministic

47 Amplified the Chiller (level 3, -2/29 HPs)
             Began as a Hill Orc Ice Elementalist on Nov 20, 2019.
             Was an Initiate of Beogh.
             Slain by a bullfrog skeleton (7 damage)
             ... on level 3 of the Dungeon.
             The game lasted 00:03:34 (861 turns).

Amplified the Chiller (Hill Orc Ice Elementalist)    Turns: 861, Time: 00:03:34

Health: -2/29      AC:  3    Str: 11    XL:     3   Next: 70%
Magic:  4/5        EV: 11    Int: 15    God:    Beogh [......]
Gold:   40         SH:  3    Dex: 11    Spells: 4/5 levels left

rFire    . . .     SeeInvis .   e - +4 dagger (venom)
rCold    . . .     Gourm    .   h - +0 buckler
rNeg     . . .     Faith    .   a - +1 robe
rPois    .         Spirit   .   (no helmet)
rElec    .         Reflect  .   (no cloak)
rCorr    .         Harm     .   (no gloves)
MR       .....                  (no boots)
Stlth    ++........             (no amulet)
HPRegen  0.09/turn              (no ring)
MPRegen  0.09/turn              (no ring)

@: no status effects
A: no striking features
a: Renounce Religion


You were on level 3 of the Dungeon.
You worshipped Beogh.
Beogh was noncommittal.
You were not hungry.

You visited 1 branch of the dungeon, and saw 3 of its levels.

You collected 40 gold pieces.

Inventory:

Hand Weapons
 b - a +4 dagger
 e - a +4 dagger of venom (weapon)
Missiles
 d - 26 sling bullets
Armour
 a - a +1 robe (worn)
 f - a +0 chain mail
 h - a +0 buckler (worn)
Scrolls
 i - a scroll of immolation
 j - a scroll of identify
Comestibles
 c - 2 rations
 g - a chunk of flesh


   Skills:
 - Level 1.8 Fighting
 * Level 0.6 Short Blades
 - Level 1.5 Armour
 - Level 2.1 Dodging
 - Level 1.5 Stealth
 - Level 1.5 Spellcasting
   Level 1.0 Conjurations
 - Level 2.6 Ice Magic
 - Level 1.1 Invocations


You had 4 spell levels left.
You knew the following spells:

 Your Spells              Type           Power        Failure   Level  Hunger
a - Freeze                Ice            #...         13%         1    ##.....

Your spell library contained the following spells:

 Spells                   Type           Power        Failure   Level  Hunger
 Throw Frost              Conj/Ice       #.....       28%         2    ###....
 Ozocubu's Armour         Chrm/Ice       #.......     56%         3    ####...
 Throw Icicle             Conj/Ice       #.......     88%         4    #####..
 Summon Ice Beast         Ice/Summ       #.......     92%         4    #####..


Dungeon Overview and Level Annotations

Branches:
Dungeon (3/15)

Altars:


Message History

The bullfrog skeleton hits you.
* * * LOW HITPOINT WARNING * * *
Okay, then.
You aren't carrying any potions.
Unknown command.
Okay, then.
You hit the bullfrog skeleton.
The bullfrog skeleton is severely damaged.
The bullfrog skeleton closely misses you.
The bullfrog skeleton hits you.
* * * LOW HITPOINT WARNING * * *
Casting: Freeze (safe; 13% risk of failure)
Confirm with . or Enter, or press ? or * to list all spells.
Aiming: Freeze (safe; 13% risk of failure)
Press: ? - help, Shift-Dir - straight line, f - bullfrog skeleton
Aim: a bullfrog skeleton (severely damaged)
The bullfrog skeleton resists.
You freeze the bullfrog skeleton.
The bullfrog skeleton is severely damaged.
The bullfrog skeleton hits you!
You die...

#......#.# ##.##.#.####
...######.#### #.##.......
#########....#######..###..###
...........).........###.# #
##########.#########..##(###
#†# #........ . #.## #..##.###
.. #..# ##.##.# ... ##@#
#..#.# .... #Z###### ##.#.#
..... #r.....# ###.#.###
......####......# #<.......
......†r........# #........
[.....####.....(# #........
..... #......# #........ ....
#......# #........ ...
#......# #########


You could see a rat and a bullfrog skeleton.

Vanquished Creatures
  An orc wizard (D:3)
  A dart slug (D:1)
  A leopard gecko (D:3)
  2 orcs (D:3)
  3 ball pythons
  2 bats
  2 giant cockroaches
  4 goblins (D:1)
  A hobgoblin (D:3)
  A quokka (D:3)
  A frilled lizard (D:1)
  3 kobolds
  2 rats
24 creatures vanquished.

Vanquished Creatures (others)
  An orc priest (D:3)
  An adder (D:3)
  An orc (D:3)
3 creatures vanquished.

Grand Total: 27 creatures vanquished

Notes
Turn   | Place    | Note
-------+----------+-------------------------------------------
     0 | D:1      | Amplified the Hill Orc Ice Elementalist began the quest for
                  | the Orb.
     0 | D:1      | Reached XP level 1. HP: 14/14 MP: 3/3
    88 | D:1      | Reached XP level 2. HP: 19/22 MP: 2/4
    90 | D:1      | Reached skill level 1 in Fighting
   105 | D:1      | Reached skill level 1 in Armour
   160 | D:1      | You fall into a shaft and drop 1 floor!
   507 | D:2      | You fall into a shaft and drop 1 floor!
   580 | D:3      | Became a worshipper of Beogh the Brigand
   716 | D:3      | Reached skill level 1 in Invocations
   716 | D:3      | Reached XP level 3. HP: 29/29 MP: 5/5
   861 | D:3      | Slain by a bullfrog skeleton

Levels and vault maps discovered:
D:1:      shiori_arrival_maze, layout_rooms
D:2:      layout_basic, uniq_jessica
D:3:      layout_rooms, nicolae_dithmenos_shadow_blocks

Skill      XL: |  1  2 |
---------------+-------+-----
Fighting       | 1 |  1.8
Armour         | 1 |  1.5
Dodging        | 2 |  2.1
Invocations    | 1 |  1.1
Short Blades   | |  0.6
Stealth        | |  1.5
Spellcasting   | |  1.5
Conjurations   | |  1.0
Ice Magic      | |  2.6

Action                   || total
-------------------------++-------
Melee: Dagger            ||    65
       Unarmed           ||     2
 Cast: Freeze            ||    15
Invok: Convert to Beogh  ||     1
  Use: Scroll            ||     3
       Potion            ||     3
 Stab: Sleeping          ||     3
Armor: Robe              ||    11
       Skin              ||    22
       Chain mail        ||    10
Dodge: Dodged            ||    44
